 Dungeon Crawl Stone Soup version 0.18.1-6-gd335043 (webtiles) character file.

126 CosmicAfro the Magician (level 4, -2/24 HPs)
             Began as a Deep Elf Fire Elementalist on May 16, 2016.
             Engulfed by a cloud of steam (20 damage)
             ... on level 3 of the Dungeon.
             The game lasted 00:07:46 (2149 turns).

CosmicAfro the Magician (DEFE)                      Turns: 2149, Time: 00:07:46

Health: -2/24      AC:  4    Str:  5    XL:     4   Next: 84%
Magic:  10/12      EV: 13    Int: 21    God:
Gold:   188        SH:  0    Dex: 15    Spells: 2 memorised, 9 levels left

rFire  . . .     SeeInvis .     e - +2 hand axe (freeze)
rCold  . . .     Gourm    .     a - +0 robe
rNeg   . . .     Faith    .     (no shield)
rPois  .         Spirit   .     (no helmet)
rElec  .         Dismiss  .     m - +1 cloak (curse)
rCorr  .         Reflect  .     (no gloves)
SustAt .         Harm     .     (no boots)
MR     +....                    (no amulet)
Stlth  ++........               u - ring of protection from magic
                                s - ring of stealth

@: somewhat resistant to hostile enchantments, unstealthy
A: no striking features
a: no special abilities


You were on level 3 of the Dungeon.
You were hungry.

You visited 1 branch of the dungeon, and saw 3 of its levels.

You collected 188 gold pieces.

Inventory:

Hand Weapons
 e - a +2 hand axe of freezing (weapon)
Armour
 a - a +0 robe (worn)
 m - a cursed +1 cloak (worn)
Jewellery
 s - a ring of stealth (left hand)
 u - a ring of protection from magic (right hand)
Scrolls
 f - a scroll of identify
 k - a scroll of enchant weapon
 v - a scroll of teleportation
 w - a scroll of fear
Potions
 h - 3 potions of mutation {unknown}
 j - a potion of flight
 n - a potion of agility {unknown}
 p - a potion of magic {unknown}
 q - a potion of curing {unknown}
 r - a potion of resistance {unknown}
 t - 2 potions of degeneration {unknown}
Books
 b - a book of Flames

   Spells                             Type                      Level
   a - Flame Tongue                   Conjuration/Fire             1
   b - Throw Flame                    Conjuration/Fire             2
   c - Conjure Flame                  Conjuration/Fire             3
   d - Inner Flame                    Hexes/Fire                   3
   e - Sticky Flame                   Conjuration/Fire             4
   f - Fireball                       Conjuration/Fire             5
Comestibles
 c - 6 bread rations
 o - a slice of pizza


   Skills:
 - Level 2.4 Dodging
 - Level 2.4 Stealth
 + Level 4.9 Spellcasting
 + Level 3.1 Conjurations
 + Level 4.1 Fire Magic


You had 9 spell levels left.
You knew the following spells:

 Your Spells              Type           Power        Failure   Level  Hunger
a - Flame Tongue          Conj/Fire      ###..        2%          1    None
b - Throw Flame           Conj/Fire      ###...       4%          2    None


Dungeon Overview and Level Annotations

Branches:
Dungeon (3/15)

Altars:
Cheibriados
Okawaru
Pakellas


Message History

Confirm with . or Enter, or press ? or * to list all spells.
Aiming: Flame Tongue
Press: ? - help, Shift-Dir - straight line, f - giant gecko
Aim: a giant gecko (clinging)
The flame tongue hits the giant gecko.
You kill the giant gecko!
The rat bites you but does no damage.
Casting: Flame Tongue
Confirm with . or Enter, or press ? or * to list all spells.
Aiming: Flame Tongue
Press: ? - help, Shift-Dir - straight line, f - rat
Aim: a rat The flame tongue misses the rat.
The rat is engulfed in a cloud of scalding steam.
You kill the rat!
You are engulfed in a cloud of scalding steam.
You see here a rat corpse.
You are engulfed in a cloud of scalding steam.
Ouch! That really hurt!
You die...

..................>...##########
###.###.#.########..#..........#
# #.# #.#.####...#.............#
# #.# #.#......#.#.............#
# #.# #.#####..............÷...##
# #.###.#####..'##+...#.##.......
###.....#......#≈≈#...#....<.....
..............##§§##....##.......
......###.###.#≈@§≈#..#.##....!..
#####<# #.# #.#≈≈§≈#..#$.#.......
#####.# #.# #.##≈≈##...#.#.......
......# #.###..#≈≈#....#.........
......###.##..##++##....#.#######
..........##..# #..#.#....####
.....###......######.##..........
...........'.........###.####.###
.....###...#######..## #.# .....


There were no monsters in sight!

Vanquished Creatures
  7 adders
  2 oozes
  A worm (D:2)
  2 giant geckos (D:3)
  A ball python (D:1)
  7 goblins
  9 hobgoblins
  9 kobolds
  3 bats
  7 giant newts
  7 rats
55 creatures vanquished.

Notes
Turn   | Place    | Note
--------------------------------------------------------------
     0 | D:1      | CosmicAfro the Deep Elf Fire Elementalist began the quest for the Orb.
     0 | D:1      | Reached XP level 1. HP: 10/10 MP: 6/6
   141 | D:1      | Reached XP level 2. HP: 15/15 MP: 5/8
   530 | D:1      | Learned a level 2 spell: Throw Flame
   647 | D:2      | Reached XP level 3. HP: 19/19 MP: 7/10
   652 | D:2      | Found an iron altar of Okawaru.
  1028 | D:2      | Reached XP level 4. HP: 24/24 MP: 0/12
  1419 | D:2      | Found a snail-covered altar of Cheibriados.
  1860 | D:3      | Found an oddly glowing altar of Pakellas.
  2149 | D:3      | Engulfed by a cloud of steam

Skill      XL: |  1  2  3  4 |
---------------+-------------+-----
Spellcasting   | 4 |  4.9
Conjurations   | 2 3 |  3.1
Fire Magic     | 4 |  4.1
Dodging        | |  2.4
Stealth        | |  2.4

Action                   |  1- 3 |  4- 6 || total
-------------------------+-------+-------++-------
Melee: Hand axe          |    10 |     2 ||    12
 Cast: Flame Tongue      |    51 |    25 ||    76
       Throw Flame       |     4 |     2 ||     6
  Use: Scroll            |       |     8 ||     8
 Stab: Sleeping          |       |     1 ||     1
  Eat: Chunk             |       |     3 ||     3
Armor: Robe              |     3 |     4 ||     7
Dodge: Dodged            |    26 |     9 ||    35
